 Dungeon Sprint DCSS version 0.28.0-45-g0d030f2227 (webtiles) character file.

Game seed: 14159480068081888861

7 McKennaii the Skirmisher (level 1, -9/19 HPs)
             Began as a Demigod Fighter on Apr 18, 2022.
             Mangled by Menkaure (12 damage)
             ... in the Dungeon (Sprint II: "The Violet Keep of Menkaure").
             The game lasted 00:00:17 (289 turns).

McKennaii the Skirmisher (Demigod Fighter)           Turns: 289, Time: 00:00:18

Health: -9/19      AC:  6    Str: 17    XL:     1   Next: 66%
Magic:  3/3        EV:  9    Int: 10    God:
Gold:   243        SH:  4    Dex: 13    Spells: 0/0 levels left

rFire   . . .      SeeInvis .   a - +0 trident
rCold   . . .      Faith    .   c - +0 buckler
rNeg    . . .      Spirit   .   b - +0 scale mail
rPois   .          Reflect  .   (no helmet)
rElec   .          Harm     .   (no cloak)
rCorr   .          Rampage  .   (no gloves)
Will    .....      NoTele   +   (no boots)
Stlth   ..........              (no amulet)
HPRegen 0.06/turn               (no ring)
MPRegen 0.08/turn               (no ring)

@: no status effects
A: high MP 1, forlorn, divine attributes
a: no special abilities


You were in the Dungeon.
You visited 1 branch You collected 243 gold pieces.

Inventory:

Hand Weapons
 a - a +0 trident (weapon)
Armour
 b - a +0 scale mail (worn)
 c - a +0 buckler (worn)
Scrolls
 j - a scroll of blinking
Potions
 d - a potion of might
 e - a potion of curing
 f - a potion of heal wounds
 g - a potion of haste
 h - 2 potions of magic
 i - a potion of berserk rage


   Skills:
 + Level 3.3 Fighting
 + Level 2.6 Polearms
 + Level 3.3 Armour
 - Level 2.6 Shields


You couldn't memorise any spells.
You didn't know any spells.
Your spell library was empty.

Dungeon Overview and Level Annotations

Branches:
Dungeon (1/1)

Annotations:
D Menkaure


Innate Abilities, Weirdness & Mutations

You have an increased reservoir of magic. (+10% MP)
You shall have no god before yourself.
Your divine heritage dramatically boosts your attributes as you level up.


Message History

The worm bites you but does no damage.
You puncture the worm!
You kill the worm!
There is a staircase leading out of the dungeon here.
You close the door.
You start resting.
You start resting.
The walls and floor vibrate strangely for a moment.
You open the door.
There is an open door here.
You now have 243 gold pieces.
You start resting.
HP restored.
As you open the door, it creaks loudly!
The flying skull gives a hideous shriek! x4
You hear a hideous shriek! x3; You hear a shout!
Menkaure, Prince of Dust comes into view.
You hear a hideous shriek! x3
You start waiting.
Menkaure is nearby!
Reach: a) +0 trident
Press: ? - help, Dir - move target, f - Menkaure
Aim: Menkaure (about 27% to evade your +0 trident)
You reach to attack!
You hit Menkaure.
Menkaure is lightly damaged.
Unknown command.
You hit Menkaure but do no damage.
Menkaure is lightly damaged.
Menkaure gestures at you while chanting.
Pain shoots through your body!
You hit Menkaure.
Menkaure is lightly damaged.
Menkaure hits you!
Ouch! That really hurt!
* * * LOW HITPOINT WARNING * * *
You barely miss Menkaure.
Menkaure is lightly damaged.
Menkaure hits you!
Ouch! That really hurt!
You die... ā—‹.ā‰ˆ zā—‹ zz

+++#
.M.
#'##
#.##
##M.#
#@.##
#'##
##.##
+.<.+
##.##
#+#


You could see Menkaure.

Vanquished Creatures
  2 worms (D)
2 creatures vanquished.

Notes
Turn   | Place    | Note
-------+----------+-------------------------------------------
     0 | D        | McKennaii the Demigod Fighter began the quest for the Orb.
     0 | D        | Reached XP level 1. HP: 18/18 MP: 3/3
   281 | D        | Noticed a flying skull
   281 | D        | Noticed a flying skull
   281 | D        | Noticed a flying skull
   281 | D        | Noticed a flying skull
   281 | D        | Noticed a flying skull
   281 | D        | Noticed a flying skull
   281 | D        | Noticed Menkaure
   289 | D        | Mangled by Menkaure

Illustrated notes

Levels and vault maps discovered:
D:        the_violet_keep_of_menkaure [sprint2_stairs_cluster_1,
          sprint2_shoproom, sprint2_temple, sprint2_basic_supplies,
          sprint2_obstacle_4, sprint2_obstacle_3, sprint2_obstacle_1,
          sprint2_obstacle_2, sprint2_obstacle_5, sprint2_timed_cluster_1,
          sprint2_smallroom_cluster_1, sprint2_smallroom_final_cluster_1,
          sprint2_transparent_cluster_1, sprint2_second_timed_cluster_1,
          sprint2_sniper_area_1, sprint2_heavy_combat_area_1,
          sprint2_mutation_trap_area_1, sprint2_forest_area_1,
          sprint2_light_combat_area_1, sprint2_behind_water_1,
          sprint2_near_end_vault_1]

Skill      XL: |  1 |
---------------+----+-----
Fighting       | 3 |  3.3
Polearms       | 2 |  2.6
Armour         | 3 |  3.3
Shields        | |  2.6

Action                   || total
-------------------------++-------
Melee: Trident           ||    20
Armor: Scale mail        ||     2
Dodge: Dodged            ||     1
Block: Buckler           ||     1
